 Dungeon Crawl Stone Soup version 0.31-a0-1068-g5939ac1fb6 (webtiles) character file.

Game seed: 15691772236945919293

569148 Wyvric the Hoplite (level 27, 0/224 HPs)
             Began as a Formicid Hexslinger on Nov 23, 2023.
             Was the Champion of Zin.
             Killed from afar by a yellow draconian annihilator (71 damage)
             ... with a crystal spear
             ... led by a purple draconian shifter
             ... on level 2 of the Realm of Zot on Nov 25, 2023.
             The game lasted 05:09:16 (77699 turns).

Wyvric the Hoplite (Formicid Hexslinger)           Turns: 77699, Time: 05:09:16

Health: 0/224      AC: 18    Str: 19    XL:     27
Magic:  28/38      EV: 30    Int: 22    God:    Zin [******]
Gold:   2956       SH: 45    Dex: 42    Spells: 6/32 levels left

rFire   + + +        a - +9 longbow (flame)
rCold   + + +        I - +8 tower shield {AC+3}
rNeg    + . .        v - +1 leather armour of Defence {-Tele rPois rN+ Dex+6}
rPois   +            (helmet unavailable)
rElec   .            P - +2 cloak of Distant Shores {rF++ rC+ Will+}
rCorr   .            p - +2 pair of gloves
SInv    +            J - +2 pair of boots of Restlessness {Str+5 Stlth+}
Will    ++++.        y - amulet of reflection
Stlth   +++++++      u - ring "Soaskes" {*Slow rC+++ Int+6 Dex+4 Slay+3}
HPRegen 0.57/turn    F - ring of Bivymao {rF+ Will+ Dex+6 Stlth+}
MPRegen 0.26/turn

%: slow self (1%), reflection
@: portalling projectiles, on recite cooldown, studying 2 skills
A: permanent stasis, dig shafts and tunnels, antennae 3, four strong arms
}: 4/15 runes: serpentine, barnacled, slimy, silver
a: Dig, Shaft Self, Renounce Religion, Recite, Vitalisation, Imprison,
Sanctuary, Donate Gold


You were on level 2 of the Realm of Zot.
You worshipped Zin.
Zin was exalted by your worship.
You visited 11 branches of the dungeon, and saw 50 of its levels.
You also visited: Ice Cave.

You collected 8923 gold pieces.
You spent 5288 gold pieces at shops.
You donated 679 gold pieces to Zin.

Inventory:

Hand Weapons
 a - a +9 longbow of flaming (weapon)
 b - a +8 triple crossbow of freezing
Missiles
 f - 15 curare-tipped darts
 m - 29 javelins
 q - 4 throwing nets
 V - 4 silver javelins
Armour
 p - a +2 pair of gloves (worn)
 v - the +1 leather armour of Defence (worn) {-Tele rPois rN+ Dex+6}
   (You bought it in a shop on level 2 of the Orcish Mines)

   Dex+6:     It affects your dexterity (+6).
   rPois:     It protects you from poison rN+: It protects you from negative
   energy.
   -Tele:     It prevents most forms of teleportation.
 I - a +8 tower shield of protection (worn)
 J - the +2 pair of boots of Restlessness (worn) {Str+5 Stlth+}
   (You found it on level 1 of the Snake Pit)

   Str+5:     It affects your strength (+5).
   Stlth+:    It makes you more stealthy.
 P - the +2 cloak of Distant Shores (worn) {rF++ rC+ Will+}
   (You found it on level 5 of the Vaults)

   rF++:      It greatly protects you from fire.
   rC+:       It protects you from cold.
   Will+:     It increases your willpower.
Jewellery
 u - the ring "Soaskes" (left hand) {*Slow rC+++ Int+6 Dex+4 Slay+3}
   (You bought it in a shop on level 1 of the Vaults)

   [ring of intelligence]

   Int+6:     It affects your intelligence (+6).
   Dex+4:     It affects your dexterity (+4).
   Slay+3:    It affects your accuracy & damage with ranged weapons and melee
   (+3).
   rC+++:     It renders you almost immune to cold.
   *Slow:     It may slow you when you take damage.
 y - an amulet of reflection (around neck)
 F - the ring of Bivymao (right hand) {rF+ Will+ Dex+6 Stlth+}
   (You found it in an ice cave)

   [ring of dexterity]

   Dex+6:     It affects your dexterity (+6).
   rF+:       It protects you from fire.
   Will+:     It increases your willpower.
   Stlth+:    It makes you more stealthy.
 K - a ring of resist corrosion
 L - the ring of Xena {rC+ rN+ Int+2 Stlth-}
   (You found it in an ice cave)

   [ring of protection from cold]

   Int+2:     It affects your intelligence (+2).
   rC+:       It protects you from cold.
   rN+:       It protects you from negative energy.
   Stlth-:    It makes you less stealthy.
 M - the ring "Ifell" {rPois rF+ rN+ MP+9 Int+2}
   (You acquired it on level 3 of the Depths)

   [ring of magical power]

   Int+2:     It affects your intelligence (+2).
   rF+:       It protects you from fire.
   rPois:     It protects you from poison rN+: It protects you from negative
   energy.
   MP+9:      It affects your magic capacity (+9).
 N - a +6 ring of dexterity
 X - the ring "Kibus" {rF++ rC+ EV+5}
   (You bought it in a shop on level 2 of the Orcish Mines)

   [ring of evasion]

   EV+5:      It affects your evasion (+5).
   rF++:      It greatly protects you from fire.
   rC+:       It protects you from cold.
 Z - an amulet of magic regeneration
Wands
 i - a wand of iceblast (32)
 w - a wand of charming (42)
 D - a wand of digging (29)
 G - a wand of mindburst (31)
 H - a wand of acid (2)
 T - a wand of flame (89)
Scrolls
 c - 4 scrolls of revelation
 g - 11 scrolls of fear
 j - 8 scrolls of silence
 o - 9 scrolls of poison
 z - 12 scrolls of fog
 B - 8 scrolls of immolation
 E - 10 scrolls of vulnerability
 O - a scroll of amnesia
 S - a scroll of enchant armour
 Y - 6 scrolls of butterflies
Potions
 d - 8 potions of might
 e - a potion of invisibility
 h - 6 potions of enlightenment
 k - 18 potions of curing
 l - 7 potions of heal wounds
 n - 4 potions of resistance
 r - 2 potions of cancellation
 s - 5 potions of attraction
 x - 7 potions of magic
 C - 4 potions of ambrosia
 R - 2 potions of mutation
 W - 4 potions of brilliance
Miscellaneous
 t - a lightning rod (4/4)
 A - a phantom mirror
 Q - a tin of tremorstones (1/2)
 U - a phial of floods


   Skills:
 - Level 20.0 Fighting
 - Level 10.0 Long Blades
 + Level 23.3 Ranged Weapons
 - Level 9.0 Armour
 - Level 12.0 Dodging
 - Level 6.0 Stealth
 - Level 25.0 Shields
 - Level 3.0 Spellcasting
 - Level 12.0 Hexes
 - Level 8.0 Translocations
 - Level 1.0 Fire Magic
 - Level 6.0 Ice Magic
 - Level 22.0 Invocations
 - Level 15.0 Evocations


You had 6 spell levels left.
You knew the following spells:

 Your Spells              Type           Power      Damage    Failure   Level
a - Slow                  Hex            100%       N/A       1%          1
b - Sigil of Binding      Hex            54%        N/A       1%          3
c - Confusing Touch       Hex            54%        N/A       1%          3
d - Cause Fear            Hex            27%        N/A       1%          4
e - Ozocubu's Armour      Ice            29%        N/A       4%          3
j - Passage of Golubria   Tloc           38%        N/A       6%          4
p - Dimensional Bullseye  Hex/Tloc       23%        N/A       2%          4
x - Jinxbite              Hex            100%       N/A       1%          2
Z - Passwall              Tmut/Erth      2%         N/A       26%         2

Your spell library contained the following spells:

 Spells                   Type           Power      Damage    Failure   Level
 Freeze                   Ice            100%       1d10      1%          1
 Ensorcelled Hibernation  Hex/Ice        84%        N/A       1%          2
 Tukima's Dance           Hex            54%        N/A       1%          3
 Inner Flame              Hex/Fire       31%        N/A       3%          3
 Frozen Ramparts          Ice            58%        1d9       4%          3
 Summon Guardian Golem    Hex/Summ       29%        N/A       4%          3
 Manifold Assault         Tloc           38%        N/A       6%          4
 Metabolic Englaciation   Hex/Ice        21%        N/A       12%         5
 Hailstorm                Conj/Ice       16%        3d6       14%         3
 Anguish                  Hex/Necr       14%        N/A       14%         4
 Kiss of Death            Conj/Necr      12%        2d6       17%         1
 Sandblast                Erth           6%         2d5       17%         1
 Shock                    Conj/Air       12%        1d3       17%         1
 Sting                    Tmut/Pois      12%        1d3       17%         1
 Summon Small Mammal      Summ           12%        N/A       17%         1
 Cigotuvi's Dreadful Rot  Necr/Pois/Air  6%         N/A       26%         2
 Poisonous Vapours        Pois/Air       6%         N/A       26%         2
 Sublimation of Blood     Necr           3%         N/A       26%         2
 Wereblood                Tmut           3%         N/A       26%         2
 Iskenderun's Mystic Bla  Conj/Tloc      20%        2d6       32%         4
 Summon Mana Viper        Hex/Summ       29%        N/A       36%         5
 Yara's Violent Unravell  Hex/Tmut       14%        3d7       36%         5
 Ignite Poison            Fire/Tmut/Pois 4%         N/A       41%         3
 Call Canine Familiar     Summ           3%         N/A       45%         3
 Stone Arrow              Conj/Erth      6%         3d7       45%         3
 Vampiric Draining        Necr           3%         2d6       45%         3
 Summon Forest            Summ/Tloc      10%        N/A       65%         5
 Flame Wave               Conj/Fire      5%         2d5       80%         4
 Sticky Flame             Conj/Fire      5%         2d3       80%         4
 Airstrike                Air            1%         2d(1-17)  86%         4
 Animate Armour           Summ/Erth      6%         N/A       86%         4
 Brom's Barrelling Bould  Conj/Erth      3%         2d3       86%         4
 Dispel Undead            Necr           3%         3d7       86%         4
 Olgreb's Toxic Radiance  Pois           3%         N/A       86%         4
 Petrify                  Tmut/Erth      3%         N/A       86%         4
 Summon Lightning Spire   Summ/Air       3%         N/A       86%         4
 Freezing Cloud           Conj/Ice/Air   6%         6-21      90%         5
 Fireball                 Conj/Fire      2%         3d4       98%         5
 Alistair's Intoxication  Tmut/Pois      2%         N/A       99%         5
 Arcjolt                  Conj/Air       1%         1d11      99%         5
 Borgnjor's Vile Clutch   Necr/Erth      1%         N/A       99%         5
 Irradiate                Conj/Tmut      1%         3d12      99%         5
 Iskenderun's Battlesphe  Conj           3%         2d6       99%         5
 Lee's Rapid Deconstruct  Erth           1%         3d4*      99%         5
 Bombard                  Conj/Erth      1%         9d1       100%        6
 Eringya's Noxious Bog    Tmut/Pois      1%         4d6       100%        6
 Plasma Beam              Fire/Air       2%         2x1d12    100%        6
 Simulacrum               Ice/Necr       8%         N/A       100%        6
 Summon Cactus Giant      Summ           1%         N/A       100%        6
 Orb of Destruction       Conj           1%         9d5       100%        7
 Ozocubu's Refrigeration  Ice            14%        4d10      100%        7
 Spellforged Servitor     Conj/Summ      1%         N/A       100%        7
 Summon Hydra             Summ           1%         N/A       100%        7
 Discord                  Hex            27%        N/A       100%        8
 Ignition                 Fire           3%         3d4       100%        8
 Chain Lightning          Conj/Air       1%         3d2       100%        9
 Dragon's Call            Summ           1%         N/A       100%        9
 Fire Storm               Conj/Fire      2%         8d1       100%        9
 Polar Vortex             Ice            14%        12d1*     100%        9
 Shatter                  Erth           1%         3d6*      100%        9
 Blink                    Tloc           Unusable   N/A       N/A         2
 Vhi's Electric Charge    Tloc/Air       Unusable   N/A       N/A         4
 Swiftness                Air            Unusable   N/A       N/A         3

Dungeon Overview and Level Annotations

Branches:
Dungeon (15/15)            Temple (1/1) D:4            Lair (5/5) D:8
 Shoals (4/4) Lair:3        Snake (4/4) Lair:3        Slime (5/5) Lair:4
    Orc (2/2) D:11            Elf (3/3) Orc:2        Vaults (5/5) D:14
  Crypt (0/3) Vaults:3     Depths (4/4) D:15            Zot (2/5) Depths:4
  IceCv (visited)

Altars:
Ashenzari
Cheibriados
Dithmenos
Elyvilon
Fedhas
Gozag
Hepliaklqana
Kikubaaqudgha
Makhleb
Nemelex Xobeh
Okawaru
Qazlal
Ru
Sif Muna
Trog
Uskayaw
Vehumet
Wu Jian
Xom
Yredelemnul
Zin
The Shining One
Ignis
Jiyva
Lugonu

Shops:
D:15 ?   Orc:2 *:*=*   Elf:3 !   Shoals:2 ?   Shoals:3 ?   Snake:1 [(
Snake:3 ::=*   Vaults:1 =   Vaults:3 !   Vaults:4 !   Depths:4 (

Portals:
Hell: Depths:1 Depths:2 Depths:3 Depths:4
Abyss: Depths:3
Pandemonium: Depths:2 Depths:4
Ziggurat: Depths:2

Annotations:
D:4 1 runed translucent door, Crazy Yiuf
Vaults:1 astronautguy's ghost, master FoEE
Zot:2 2 transporters


Innate Abilities, Weirdness & Mutations

You cannot be hasted, slowed, berserked, paralysed or teleported.
You can dig through walls and to a lower floor.
You have a pair of large antennae on your head. (SInv)
Your four strong arms can wield two-handed weapons with a shield.


Message History

The glob of acid hits you!
* * * LOW HITPOINT WARNING * * *
The red draconian scorcher points at you and mumbles some strange words.
The sphere of damnation explodes!
The damnation engulfs you!!!
* * * LOW HITPOINT WARNING * * *
The green draconian hits the red draconian scorcher with a +0 short sword!
The green draconian closely misses the red draconian scorcher.
You feel much better.
The red draconian scorcher gestures at you while chanting.
The sphere of damnation explodes!
The damnation engulfs you!!!
* * * LOW HITPOINT WARNING * * *
You feel much better.
The yellow draconian annihilator casts a spell at you.
The bolt of lightning misses you.
You hear a deafening roar!
You feel much better.
The red draconian scorcher breathes fire at you.
The searing blast hits you. You resist.
* * * LOW HITPOINT WARNING * * *
Fire: a) +9 longbow (flame)
Press: ? - help, Q - select action, (/) - cycle Shift-Dir - straight line, f - yellow draconian annihilator, p - green draconian
Aim: a yellow draconian annihilator, wielding a +0 dagger and wearing a +0 cloak (83% to hit)
You shoot an arrow.
The arrow hits the yellow draconian annihilator!!
The arrow burns the yellow draconian annihilator!
Your projectile teleports!
The arrow hits the red draconian scorcher.
Your magical contamination has completely faded away.
Fire: a) +9 longbow (flame)
Press: ? - help, Q - select action, (/) - cycle Shift-Dir - straight line, f/p - yellow draconian annihilator
Aim: a yellow draconian annihilator, wielding a +0 dagger and wearing a +0 cloak (heavily wounded, 83% to hit)
You shoot an arrow.
The arrow hits the yellow draconian annihilator!!
The arrow burns the yellow draconian annihilator.
Your projectile teleports!
The arrow hits the red draconian scorcher!
The arrow burns the red draconian scorcher.
The yellow draconian annihilator points at you and mumbles some strange words.
The crystal spear hits you!!!
You die...

##...#.......#...........##
#...##......###...........##
...####....## ##...........##
..## ##...## #............## .##
##...## ####.............## ##
##.^..# ##.##........>[....##
.###.....###...#...............##
..#......##....☼................#
©...............@....#...........
#######.........)...###........##
#### #.......q....## ##......##,
####* #........#....#* ##....##8{
©?.=* #^......###...q## ##...#,,,
:^:^# #..#....#**#.d).###....#,>,
^=^)# #.##.....#**#).........#,,,
#+### ##*##....{#*##.........##8,
^^,,** **.......##...........#*,


You could see a green draconian (confused), a yellow draconian annihilator and a
red draconian scorcher (catching breath, bullseye target).

Vanquished Creatures
  the Royal Jelly (Slime:5)
  An ancient lich (Depths:2)
  Sojobo (Vaults:2)
  Boris (Vaults:5)
  A shard shrike (shapeshifter) (Vaults:5)
  A curse toe (Depths:4)
  Vashnia (Snake:2)
  Saint Roka (Vaults:2)
  Nikola (Shoals:3)
  4 golden dragons
  7 tentacled monstrosities
  4 liches
  A walking earthen tome (Depths:1)
  5 sphinxes
  3 deep elf blademasters
  2 deep elf master archers (Elf:3)
  2 quicksilver dragons
  3 titans
  Kirke (Lair:5)
  4 death cobs
  24 acid blobs
  5 shadow dragons
  10 tengu reavers
  Agnes (Snake:4)
  6 draconian monks
  5 storm dragons
  5 nagarajas
  13 azure jellies
  10 deep elf sorcerers
  Ilsuiw (Shoals:2)
  10 fire giants
  10 frost giants
  2 draconian scorchers (Zot:1)
  A ghost moth (Zot:2)
  18 rockslimes
  6 draconian knights
  An iron dragon (Vaults:5)
  16 vault wardens
  7 deep elf elementalists (Elf:3)
  3 draconian shifters
  3 draconian stormcallers (Zot:1)
  2 orc warlords
  3 war gargoyles
  6 formless jellyfish
  18 very ugly things
  3 green draconians
  16 ironbound preservers
  A draconian annihilator (Zot:1)
  12 quicksilver oozes
  Nessos (D:13)
  3 vampire knights (Depths:4)
  17 stone giants
  9 ironbound thunderhulks
  4 black draconians
  10 red draconians (Zot:1)
  8 yellow draconians
  A deep elf demonologist (Elf:3)
  A dire elephant (Lair:3)
  8 purple draconians
  8 spark wasps
  6 deep elf annihilators
  2 white draconians
  The ghost of Nulynemn the Thaumaturge, a journeyman DjAE of the Shining One (Lair:5)
  9 ettins
  A blizzard demon (Depths:2)
  5 deep elf death magi (Elf:3)
  A green death (Depths:2)
  2 jiangshi (D:15)
  6 merfolk javelineers
  17 merfolk impalers
  17 yaktaur captains
  Josephine (Lair:5)
  3 deep elf high priests
  2 rakshasas
  5 fire dragons
  8 great orbs of eyes
  6 hydras
  Harold (Orc:1)
  2 salamander tyrants
  7 ironbound frosthearts
  16 ice dragons
  Erolcha (D:10)
  4 ogre magi
  2 spriggan air magi
  32 vault guards
  2 catoblepae
  2 alligator snapping turtles (Shoals:4)
  A death knight (D:14)
  3 merfolk avatars
  12 two-headed ogres
  9 centaur warriors
  5 anacondas
  Erica (D:8)
  7 merfolk aquamancers
  10 boulder beetles
  6 deep troll shamans
  4 satyrs
  32 dancing weapons
  4 tengu warriors
  5 death yaks
  3 vampire magi
  5 spriggan berserkers
  3 hell hogs (Depths:3)
  5 orc high priests
  19 naga sharpshooters
  9 deep troll earth magi
  16 naga warriors
  9 occultists
  A sun demon (Depths:2)
  5 shock serpents
  8 hell knights
  12 deep elf knights
  A soul eater (Depths:2)
  2 shadow wraiths
  4 skysharks
  7 iron trolls
  A skyshark (shapeshifter) (Vaults:5)
  6 sea snakes
  A sea snake (shapeshifter) (D:15)
  A skeletal warrior (D:14)
  8 salamander mystics (Snake:4)
  3 anaconda zombies (Snake:4)
  3 spriggan simulacra (Snake:4)
  5 spectral anacondas (Snake:4)
  3 flayed ghosts
  47 deep trolls
  7 glowing orange brains
  4 arcanists
  21 deep elf archers
  3 phantasmal warriors
  10 orc knights
  6 necromancers
  An orange crystal statue (IceCv)
  12 ironbound convokers
  4 anaconda skeletons (Snake:4)
  6 naga ritualists
  A lindwurm (Lair:5)
  A wolf spider (D:15)
  Pikel (D:6)
  34 deep elf zephyrmancers
  11 manticores
  12 harpies
  A shining eye (shapeshifter) (Vaults:5)
  45 deep elf pyromancers
  A fire giant zombie (Depths:1)
  4 orc sorcerers (Orc:2)
  9 mana vipers
  4 shining eyes
  43 ugly things
  A stone giant zombie (Depths:1)
  A faun (shapeshifter) (D:15)
  11 salamanders
  A frost giant skeleton (Depths:1)
  38 black mambas
  7 cyclopes
  9 moths of wrath
  18 fauns
  8 merfolk sirens
  2 ice statues (Depths:2)
  12 naga magi
  11 water nymphs (Shoals:4)
  Maurice (Orc:1)
  2 guardian serpents
  4 eyes of devastation
  17 elephants
  A gargoyle (D:8)
  A torpor snail (Lair:5)
  3 molten gargoyles (Lair:5)
  17 cane toads
  6 storm dragon simulacra (IceCv)
  13 vault sentinels
  A kobold demonologist (D:10)
  6 unseen horrors
  3 rime drakes
  7 anaconda simulacra (Snake:4)
  15 komodo dragons
  38 yaktaurs
  7 golden dragon simulacra (IceCv)
  A yaktaur skeleton (Vaults:3)
  5 tengu conjurers
  8 freezing wraiths
  3 efreet
  4 trolls
  2 polar bears
  A polar bear (shapeshifter) (Depths:4)
  A merfolk (shapeshifter) (D:14)
  23 merfolk
  A meliai (D:8)
  A wind drake (shapeshifter) (Vaults:5)
  9 wind drakes
  15 blink frogs
  5 hornets
  Prince Ribbit (D:9)
  A tarantella (shapeshifter) (D:8)
  4 glass eyes
  6 snapping turtles
  An ettin zombie (Vaults:3)
  121 slime creatures
  2 dream sheep (Shoals:2)
  A human simulacrum (Vaults:1)
  15 air elementals
  4 spriggans
  Sigmund (D:4)
  40 water elementals
  4 shadows
  2 vampires
  9 wraiths
  2 hogs (Lair:5)
  A centaur simulacrum (D:14)
  30 fire elementals
  15 wyverns
  A golden eye (Slime:5)
  Eustachio (D:4)
  An elf skeleton (Vaults:3)
  7 basilisks
  41 yaks
  3 vampire mosquitoes (D:13)
  A harpy simulacrum (Snake:4)
  2 steam dragons
  A redback (shapeshifter) (Vaults:5)
  4 wargs
  41 nagas
  3 hell hounds (Lair:5)
  4 acid dragons
  11 water moccasins
  4 black bears
  34 orc warriors
  2 ice beasts (D:8)
  2 sky beasts
  4 ice dragon simulacra (IceCv)
  3 ettin simulacra (Depths:3)
  5 ogres
  6 centaurs
  9 wolves
  A lemure (D:6)
  12 kobold brigands
  A human zombie (Vaults:3)
  12 bullfrogs
  A gnoll sergeant (D:13)
  3 earth elementals
  3 scorpions
  A deep troll simulacrum (Snake:4)
  2 wights (D:8)
  19 killer bees
  5 lindwurm simulacra
  3 howler monkeys
  An electric eel (D:14)
  4 lava snakes (Lair:5)
  15 orc priests
  3 hounds
  A jelly (D:7)
  A gnoll bouda (D:8)
  6 iguanas
  Jessica (D:14)
  25 orc wizards
  3 gnolls (D:13)
  5 adders
  3 shadow imps
  3 white imps
  4 dart slugs
  A worm (D:2)
  107 orcs
  5 ball pythons
  9 endoplasms
  A giant cockroach (D:4)
  6 goblins
  5 hobgoblins
  13 jackals
  7 quokkas
  5 bats
  3 frilled lizards
  42 kobolds
  9 kobold skeletons (D:10)
  9 kobold zombies (D:10)
  4 rats
2175 creatures vanquished.

Vanquished Creatures (collateral kills)
  A yak (D:7)
  An ice beast (D:8)
  6 wights
  A killer bee (D:8)
  An orc (D:7)
  4 foxfires (D:8)
14 creatures vanquished.

Vanquished Creatures (others)
  A dread lich (Vaults:5)
  A draconian annihilator (Zot:2)
  A purple draconian (Zot:1)
  A spriggan berserker (Depths:3)
  A deep elf zephyrmancer (Elf:1)
  A necromancer (Vaults:1)
  An ugly thing (D:15)
  A cyclops (D:8)
  A black mamba (Snake:3)
  A troll (D:8)
  2 humans (Lair:5)
  A kobold brigand (D:10)
  2 killer bees (D:8)
  An orc priest (Orc:2)
  An adder (D:6)
  An orc (D:5)
  68 foxfires
86 creatures vanquished.

Grand Total: 2275 creatures vanquished

Notes
Turn   | Place    | Note
-------+----------+-------------------------------------------
     0 | D:1      | Wyvric the Formicid Hexslinger began the quest for the Orb.
     0 | D:1      | Reached XP level 1. HP: 15/15 MP: 2/2
    86 | D:1      | Found a faded altar of an unknown god.
    89 | D:1      | Reached XP level 2. HP: 21/21 MP: 3/3
   112 | D:1      | Reached skill level 1 in Stealth
   128 | D:1      | Learned a level 2 spell: Jinxbite
   174 | D:1      | Prayed at the altar of an unknown god.
   174 | D:1      | Became a worshipper of Ignis, the Dying Flame
   339 | D:1      | Reached XP level 3. HP: 25/26 MP: 4/4
   698 | D:2      | Identified the +1 chain mail of the Unicorn {SInv}
  1127 | D:3      | Reached XP level 4. HP: 24/33 MP: 5/5
  1265 | D:3      | Learned a level 3 spell: Sigil of Binding
  1315 | D:3      | Found a shadowy altar of Dithmenos.
  1805 | D:3      | Found a white marble altar of Elyvilon.
  2039 | D:4      | Reached XP level 5. HP: 37/38 MP: 3/6
  2112 | D:4      | Noticed a black bear
  2222 | D:4      | Found a staircase to the Ecumenical Temple.
  2231 | Temple   | Entered the Ecumenical Temple
  2533 | D:4      | Noticed Eustachio
  2651 | D:4      | Noticed Sigmund
  2703 | D:4      | Killed a black bear
  2704 | D:4      | Reached skill level 5 in Hexes
  2704 | D:4      | Reached XP level 6. HP: 44/44 MP: 2/7
  2753 | D:5      | Entered Level 5 of the Dungeon
  3003 | D:5      | Noticed a water moccasin
  3359 | D:5      | Reached XP level 7. HP: 50/50 MP: 5/8
  3378 | D:5      | Reached skill level 1 in Shields
  3564 | D:5      | Reached skill level 3 in Shields
  3704 | D:6      | Found a sacrificial altar of Ru.
  3732 | D:6      | Reached skill level 4 in Shields
  3898 | D:6      | Reached XP level 8. HP: 54/56 MP: 4/9
  3914 | D:6      | Identified the +0 dagger "Qeecw" {holy, rPois}
  4098 | D:6      | Reached skill level 5 in Shields
  4187 | D:6      | Noticed Pikel
  4440 | D:7      | Noticed an unseen horror
  4448 | D:7      | Killed an unseen horror
  4599 | D:6      | Killed Pikel
  4600 | D:6      | Reached skill level 5 in Ranged Weapons
  4600 | D:6      | Reached XP level 9. HP: 61/61 MP: 9/11
  6151 | D:6      | Found a sacrificial altar of Ru.
  6582 | D:4      | Killed Eustachio
  6676 | D:4      | Killed Sigmund
  6677 | D:4      | Reached XP level 10. HP: 71/71 MP: 10/13
  6701 | D:4      | Found a runed translucent door.
  6702 | D:4      | Noticed Crazy Yiuf
  6908 | D:8      | Reached skill level 5 in Fighting
  6908 | D:8      | Reached skill level 1 in Long Blades
  7053 | D:8      | Noticed Erica
  7216 | D:8      | Identified the +4 dagger of Analysis {flame, rN+ Int+4}
  7361 | D:8      | Reached skill level 5 in Stealth
  7700 | D:8      | Reached skill level 5 in Armour
  7849 | D:8      | Found a staircase to the Lair.
  8364 | D:7      | Reached XP level 11. HP: 45/81 MP: 9/14
  8619 | D:8      | Learned a level 1 spell: Slow
  8768 | D:8      | Reached skill level 5 in Dodging
  9224 | D:8      | Noticed a cyclops
  9224 | D:8      | Noticed a two-headed ogre
  9245 | D:8      | Killed a two-headed ogre
 10016 | D:8      | Noticed a centaur warrior
 10032 | D:8      | Killed a centaur warrior
 10232 | D:9      | Noticed a two-headed ogre
 10275 | D:8      | Reached skill level 10 in Ranged Weapons
 10544 | D:9      | Killed a two-headed ogre
 10631 | D:9      | Found a transporter.
 10680 | D:9      | Noticed Prince Ribbit
 10984 | D:9      | Found an ornate altar of the Wu Jian Council.
 11028 | D:9      | Killed Prince Ribbit
 11575 | D:8      | Reached XP level 12. HP: 76/92 MP: 16/16
 11768 | D:9      | Noticed a two-headed ogre
 11798 | D:9      | Killed a two-headed ogre
 12180 | D:10     | Entered Level 10 of the Dungeon
 12478 | D:10     | Noticed Erolcha
 12914 | Lair:1   | Entered Level 1 of the Lair of Beasts
 13834 | Lair:1   | Reached skill level 5 in Long Blades
 14164 | Lair:1   | Learned a level 3 spell: Confusing Touch
 14204 | Lair:1   | Identified the +3 buckler of Parts Unknown {Int+5}
 14874 | Lair:2   | Noticed a skyshark
 15040 | Lair:2   | Reached XP level 13. HP: 101/101 MP: 17/17
 15105 | Lair:2   | Identified the +2 robe of Untruth {Drain rPois rC+
                  | Archmagi}
 15135 | Lair:2   | Learned a level 4 spell: Cause Fear
 16216 | Lair:3   | Noticed a dire elephant
 16445 | Lair:3   | Reached skill level 10 in Hexes
 16463 | Lair:3   | Found a staircase to the Shoals.
 17227 | Lair:3   | Reached skill level 10 in Long Blades
 17778 | Lair:3   | Noticed an eight-headed hydra
 17860 | Lair:3   | Reached skill level 10 in Fighting
 18673 | Temple   | Fell from the grace of Ignis
 18673 | Temple   | Became a worshipper of Zin the Law-Giver
 18673 | Temple   | Reached * piety under Zin
 18673 | Temple   | Reached ** piety under Zin
 18674 | Temple   | Donated 301 gold pieces to Zin
 18908 | D:8      | Killed Erica
 19290 | D:8      | Reached skill level 1 in Invocations
 19534 | D:11     | Reached skill level 6 in Shields
 19897 | D:11     | Reached XP level 14. HP: 91/110 MP: 18/18
 20209 | D:11     | Found a staircase to the Orcish Mines.
 20287 | D:11     | Reached skill level 5 in Invocations
 20309 | D:11     | Reached *** piety under Zin
 20349 | D:11     | Found a glowing golden altar of the Shining One.
 21376 | D:12     | Reached **** piety under Zin
 21577 | D:13     | Noticed Nessos
 21608 | D:13     | Was forgiven by Ignis
 22251 | D:13     | Killed Nessos
 22958 | Orc:1    | Entered Level 1 of the Orcish Mines
 22958 | Orc:1    | Noticed Harold
 22976 | Orc:1    | Killed Harold
 23074 | Orc:1    | Noticed Maurice
 23082 | Orc:1    | Killed Maurice
 23177 | Orc:1    | Reached ***** piety under Zin
 23238 | Orc:1    | Reached skill level 10 in Evocations
 23607 | Orc:2    | Entered Level 2 of the Orcish Mines
 24121 | Orc:2    | Found Quyl's Assorted Antiques.
 24231 | Orc:2    | Found a staircase to the Elven Halls.
 24269 | Orc:2    | Reached ****** piety under Zin
 24343 | Orc:2    | Reached skill level 10 in Invocations
 24789 | Orc:2    | Noticed an orc warlord
 24975 | Orc:2    | Killed an orc warlord
 25158 | Orc:2    | Reached XP level 15. HP: 58/115 MP: 23/23
 25362 | Orc:2    | Learned a level 4 spell: Dimensional Bullseye
 25480 | Orc:2    | Reached skill level 1 in Translocations
 25534 | Orc:2    | Found Yteucw's Jewellery Emporium.
 25534 | Orc:2    | Found Counlemm's Assorted Antiques.
 25535 | Orc:2    | Found Feffan's Book Shop.
 25535 | Orc:2    | Found Usevuck's General Store.
 25615 | Orc:2    | Bought a crystal shortbow for 208 gold pieces
 25615 | Orc:2    | Identified the +4 shortbow of the Grave {flame, rN+ Will-
                  | Str+2 Int+4} (You bought it in a shop on level 2 of the
                  | Orcish Mines)
 25676 | Orc:2    | Bought the ring "Kibus" {rF++ rC+ EV+5} for 945 gold pieces
 25807 | Orc:2    | Bought a smoking leather armour for 224 gold pieces
 25807 | Orc:2    | Identified the +1 leather armour of Defence {-Tele rPois
                  | rN+ Dex+6} (You bought it in a shop on level 2 of the
                  | Orcish Mines)
 26214 | Lair:3   | Found a staircase to the Snake Pit.
 27753 | Lair:4   | Found a viscous altar of Jiyva.
 27754 | Lair:4   | Found a staircase to the Slime Pits.
 28251 | Lair:5   | Entered Level 5 of the Lair of Beasts
 28785 | Lair:5   | Noticed Kirke
 28796 | Lair:5   | Killed Kirke
 28947 | Lair:5   | Found a runed translucent door.
 28956 | Lair:5   | Noticed Nulynemn's ghost (journeyman DjAE)
 29577 | Lair:5   | Reached skill level 5 in Translocations
 29746 | Lair:5   | Noticed Josephine
 29754 | Lair:5   | Killed Josephine
 29863 | Lair:5   | Reached XP level 16. HP: 122/122 MP: 25/25
 29868 | Lair:5   | Found a large runed translucent door.
 29868 | Lair:5   | Found a large runed translucent door.
 31351 | D:14     | Found a sparkling altar of Nemelex Xobeh.
 31351 | D:14     | Noticed Jessica
 31352 | D:14     | Killed Jessica
 31490 | D:14     | Found a gate to the Vaults.
 31878 | D:15     | Entered Level 15 of the Dungeon
 31900 | D:15     | Found Ybuyne's Magic Scroll Shop.
 31963 | D:15     | Reached skill level 15 in Ranged Weapons
 32014 | D:15     | Reached skill level 7 in Shields
 32859 | D:15     | Reached XP level 17. HP: 133/133 MP: 26/26
 32980 | D:15     | Found a staircase to the Depths.
 33145 | Orc:2    | Bought a shiny kite shield for 240 gold pieces
 33340 | D:10     | Killed Erolcha
 33697 | D:10     | Found an ancient bone altar of Kikubaaqudgha.
 35303 | Lair:3   | Found a staircase to the Shoals.
 35389 | Lair:3   | Found a staircase to the Snake Pit.
 35962 | Lair:4   | Found a viscous altar of Jiyva.
 35962 | Lair:4   | Found a staircase to the Slime Pits.
 36908 | Snake:1  | Entered Level 1 of the Snake Pit
 36917 | Snake:1  | Reached skill level 8 in Shields
 36919 | Snake:1  | Identified the +2 pair of boots of Restlessness {Str+5
                  | Stlth+}
 37103 | Snake:1  | Reached skill level 9 in Shields
 37385 | Snake:1  | Reached skill level 10 in Shields
 37609 | Snake:1  | Found Kaejim's Antique Weapon Emporium.
 37609 | Snake:1  | Found Fupny's Armour Shoppe.
 37747 | Snake:1  | Reached skill level 11 in Shields
 38390 | Snake:2  | Reached skill level 12 in Shields
 38416 | Snake:2  | Identified a scroll of acquirement
 38424 | Snake:2  | Acquired the scarf of Hospitality {rC+ rF+, Str+3 Int+3}
 38438 | Snake:2  | Noticed Vashnia
 38552 | Snake:2  | Reached skill level 13 in Shields
 38558 | Snake:2  | Killed Vashnia
 38756 | Snake:2  | Reached skill level 14 in Shields
 39267 | Snake:3  | Found a transporter.
 39267 | Snake:3  | Found Idimn's Assorted Antiques.
 39295 | Snake:3  | Found a transporter.
 39297 | Snake:3  | Reached skill level 15 in Shields
 39587 | Snake:3  | Reached XP level 18. HP: 97/140 MP: 27/27
 39601 | Snake:3  | HP: 6/140 [nagaraja/+2 spear of freezing (2)]
 39602 | Snake:3  | Zin protects you from harm!
 39933 | Snake:3  | Found Jiucsuw's Jewellery Emporium.
 39934 | Snake:3  | Found Yjin's Book Shop.
 39934 | Snake:3  | Found Naet Zia's Book Shop.
 40188 | Snake:4  | Entered Level 4 of the Snake Pit
 40189 | Snake:4  | Noticed Agnes
 40345 | Snake:4  | Identified the +1 cloak "Kisedgh" {rF+}
 40385 | Snake:4  | Found a frozen archway.
 40515 | IceCv    | Entered an ice cave
 41067 | IceCv    | Noticed a golden dragon
 41097 | IceCv    | Killed a golden dragon
 41372 | IceCv    | Identified the ring of Xena {rC+ rN+ Int+2 Stlth-}
 41385 | IceCv    | Identified the ring of Bivymao {rF+ Will+ Dex+6 Stlth+}
 42345 | Snake:4  | Reached skill level 15 in Invocations
 42393 | Snake:4  | Reached XP level 19. HP: 119/148 MP: 30/30
 42585 | Snake:4  | Killed Agnes
 42719 | Snake:4  | Got a serpentine rune of Zot
 43535 | Shoals:1 | Entered Level 1 of the Shoals
 44041 | Shoals:2 | Noticed Ilsuiw
 44097 | Shoals:2 | Killed Ilsuiw
 44234 | Shoals:2 | Reached skill level 15 in Fighting
 44450 | Shoals:2 | Identified the +2 shortbow of the Goat {heavy, rPois}
 44633 | Shoals:2 | Found Haiph's Magic Scroll Boutique.
 44988 | Shoals:3 | Found Hamelor's Magic Scroll Shoppe.
 45333 | Shoals:3 | Noticed Nikola
 45426 | Shoals:4 | Entered Level 4 of the Shoals
 45673 | Shoals:4 | Noticed a titan
 45688 | Shoals:4 | Killed a titan
 45763 | Shoals:4 | Reached XP level 20. HP: 129/162 MP: 31/31
 45882 | Shoals:4 | Got a barnacled rune of Zot
 46039 | Shoals:4 | Found a radiant altar of Vehumet.
 47370 | Shoals:3 | Killed Nikola
 47725 | Snake:3  | Bought a pair of dazzling boots for 285 gold pieces
 47725 | Snake:3  | Identified the +0 pair of boots of the Freezing Gods
                  | {Dex+3} (You bought it in a shop on level 3 of the Snake
                  | Pit)
 47950 | Shoals:2 | Bought a scroll of acquirement for 676 gold pieces
 47950 | Shoals:2 | Acquired 1161 gold pieces
 48175 | Lair:5   | Killed Nulynemn's ghost
 48407 | Elf:1    | Entered Level 1 of the Elven Halls
 49821 | Elf:2    | Reached XP level 21. HP: 168/168 MP: 32/32
 49999 | Elf:2    | Found a runed translucent gate.
 49999 | Elf:2    | Found a runed translucent gate.
 50001 | Elf:2    | Found a runed translucent gate.
 51564 | Elf:3    | Entered Level 3 of the Elven Halls
 51863 | Elf:3    | Found Akec's Distillery.
 52545 | Elf:3    | Found Akec's Distillery.
 52860 | Elf:3    | Reached skill level 10 in Dodging
 53026 | Elf:3    | Identified the +1 sling of Sucvir {freeze, rF++}
 53026 | Elf:3    | Identified the ring "Otsox" {rPois rF- Will- EV+5 Dex+8}
 53354 | Elf:3    | Identified the +2 leather armour "Fulu" {rPois rF- rC++
                  | Regen+}
 53533 | Elf:3    | Reached XP level 22. HP: 178/178 MP: 33/33
 53559 | Elf:3    | Identified the +4 quarterstaff "Lucsuh" {heavy, Will+
                  | Int+4}
 53773 | Elf:3    | Identified the staff of Melee {rPois Will+ Poison}
 54038 | Vaults:1 | Entered Level 1 of the Vaults
 54147 | Vaults:1 | Found Suni's Jewellery Boutique.
 54160 | Vaults:1 | Bought the ring "Soaskes" {*Slow rC+++ Int+6 Dex+4 Slay+3}
                  | for 1120 gold pieces
 54551 | Vaults:1 | Found a transporter.
 54552 | Vaults:1 | Noticed astronautguy's ghost (master FoEE)
 54568 | Vaults:1 | Noticed a dread lich
 54568 | Vaults:1 | Found the +3 greatsling "Punk" {acid, rCorr}
 55322 | Vaults:2 | Noticed Saint Roka
 55335 | Vaults:2 | Killed Saint Roka
 56038 | Vaults:2 | Noticed Sojobo
 56084 | Vaults:2 | Killed Sojobo
 56085 | Vaults:2 | Reached skill level 15 in Evocations
 56956 | Vaults:3 | Reached XP level 23. HP: 171/190 MP: 34/34
 57006 | Vaults:3 | Found a staircase to the Crypt.
 57006 | Vaults:3 | Found a basalt altar of Yredelemnul.
 57006 | Vaults:3 | Found an ancient bone altar of Kikubaaqudgha.
 57258 | Vaults:3 | Found Cutoel's Distillery.
 58532 | Vaults:4 | Reached skill level 16 in Shields
 58619 | Vaults:4 | Found Vinebb's Distillery.
 59364 | Depths:1 | Entered Level 1 of the Depths
 59573 | Depths:1 | Reached skill level 17 in Shields
 59706 | Depths:1 | Identified the +6 falchion "Mupruipp" {spect, rF- Int+4}
 59826 | Depths:1 | Found a gateway to Hell.
 59855 | Depths:1 | Reached skill level 18 in Shields
 60322 | Depths:1 | Reached skill level 19 in Shields
 60341 | Depths:1 | Noticed a golden dragon
 60350 | Depths:1 | Killed a golden dragon
 60672 | Depths:2 | Reached XP level 24. HP: 201/201 MP: 34/34
 60800 | Depths:2 | Reached skill level 20 in Shields
 60827 | Depths:2 | Found a one-way gateway to a ziggurat.
 60897 | Depths:1 | Found the +7 lajatang of Order {silver, rMut}
 61345 | Depths:2 | Reached skill level 21 in Shields
 61596 | Depths:2 | Found a one-way gate leading to the halls of Pandemonium.
 61788 | Depths:2 | Noticed an ancient lich
 61799 | Depths:2 | Killed an ancient lich
 61828 | Depths:2 | Identified the +4 long sword "Qaer" {flame, rPois rN+ Dex-4
                  | SInv}
 61830 | Depths:2 | Acquired 829 gold pieces
 61938 | Depths:3 | Reached skill level 22 in Shields
 61951 | Depths:3 | Found a one-way gate to the infinite horrors of the Abyss.
 62256 | Depths:3 | Acquired a manual of Long Blades
 62259 | Depths:3 | Acquired the ring "Ifell" {rPois rF+ rN+ MP+9 Int+2}
 62261 | Depths:3 | Acquired a manual of Invocations
 62305 | Depths:3 | Found a corrupted altar of Lugonu.
 63805 | Snake:3  | Bought a scroll of enchant weapon for 225 gold pieces
 63805 | Snake:3  | Bought a scroll of revelation for 225 gold pieces
 64033 | D:15     | Bought a scroll of fog for 76 gold pieces
 64033 | D:15     | Bought a scroll of fog for 76 gold pieces
 64181 | Vaults:3 | Bought 2 potions of heal wounds for 190 gold pieces
 64181 | Vaults:3 | Bought a potion of heal wounds for 95 gold pieces
 64181 | Vaults:3 | Bought a potion of heal wounds for 95 gold pieces
 64181 | Vaults:3 | Bought a potion of heal wounds for 95 gold pieces
 64181 | Vaults:3 | Bought a potion of curing for 57 gold pieces
 64261 | Vaults:4 | Bought a potion of cancellation for 128 gold pieces
 64261 | Vaults:4 | Bought a potion of curing for 48 gold pieces
 64261 | Vaults:4 | Bought a potion of heal wounds for 80 gold pieces
 64261 | Vaults:4 | Bought a potion of curing for 48 gold pieces
 64564 | Depths:4 | Entered Level 4 of the Depths
 64680 | Depths:4 | Reached skill level 23 in Shields
 64686 | Depths:4 | Identified the +6 shortbow "Orosoy" {flame, rF+ rC- Dex+3}
 65104 | Depths:4 | Found Qeume's Antique Weapon Boutique.
 65220 | Depths:4 | Reached XP level 25. HP: 207/207 MP: 35/35
 65685 | Depths:4 | Found a gate to the Realm of Zot.
 66289 | Slime:1  | Entered Level 1 of the Pits of Slime
 66446 | Slime:1  | Reached skill level 24 in Shields
 68727 | Slime:5  | Entered Level 5 of the Pits of Slime
 68816 | Slime:5  | Reached skill level 25 in Shields
 68865 | Slime:5  | Noticed the Royal Jelly
 70161 | Slime:5  | Killed the Royal Jelly
 70440 | Slime:5  | Identified the +0 trident "Ojedeoc" {elec, Str+2 Stlth+}
 70465 | Slime:5  | Identified the staff of the Pyrrhic Victory {rC+ Will+ Ice}
 70491 | Slime:5  | Identified the +7 sling "Arcanum" {flame, rC+}
 70541 | Slime:5  | Identified the ring "Yzexkodd" {Int+6 Dex+4}
 70544 | Slime:5  | Got a slimy rune of Zot
 70548 | Slime:5  | Identified the +0 hat of the Past {rPois rC+ Dex+2 SInv}
 70549 | Slime:5  | Identified the +5 dagger of an ossuary {flame, rC++ SInv}
 70594 | Slime:5  | Identified the +6 whip of the Lettuce {heavy, Int+2}
 70898 | Slime:5  | Learned a level 3 spell: Ozocubu's Armour
 71433 | Vaults:5 | Entered Level 5 of the Vaults
 71454 | Vaults:4 | Reached skill level 1 in Ice Magic
 71690 | Vaults:4 | Reached XP level 26. HP: 112/215 MP: 34/38
 71948 | Vaults:5 | Reached skill level 5 in Ice Magic
 72151 | Vaults:5 | Noticed Boris
 72337 | Vaults:5 | Killed Boris
 72594 | Vaults:5 | Noticed a dread lich
 72604 | Vaults:5 | Killed a dread lich
 73016 | Vaults:5 | Got a silver rune of Zot
 73454 | Vaults:5 | a golden dragon changed into a shard shrike
 73454 | Vaults:5 | Noticed a shard shrike (glowing shapeshifter)
 73455 | Vaults:5 | Killed a shard shrike
 73748 | Vaults:5 | Identified the +0 halberd of the Rescuing Seeker {freeze,
                  | rN+ Str+3}
 73751 | Vaults:5 | Identified the +0 robe "Cucw" {Int-2 Stlth+ Archmagi}
 73775 | Vaults:5 | Learned a level 4 spell: Passage of Golubria
 73997 | Vaults:5 | Identified the staff of Vohaun {rPois Will+ Dex+2 Poison}
 74015 | Vaults:5 | Identified the +2 cloak of Distant Shores {rF++ rC+ Will+}
 74084 | Vaults:5 | Identified the +3 great sword of the Baking Salmon
                  | {antimagic, rC++ Str+3}
 74254 | Vaults:5 | Identified the +6 chain mail "Ymiogyxo" {rF+ Str+3 Stlth+}
 74255 | Vaults:5 | Identified the +7 plate armour "Misheoqe" {Rampage +Blink
                  | Regen+ Str-3}
 74575 | Vaults:3 | Bought a potion of ambrosia for 152 gold pieces
 74666 | Vaults:1 | Found a transporter.
 75242 | Zot:1    | Entered Level 1 of the Realm of Zot
 75254 | Zot:1    | Learned a level 2 spell: Passwall
 75285 | Zot:1    | Reached XP level 27. HP: 144/224 MP: 38/38
 77055 | Zot:2    | Found a transporter.
 77202 | Zot:2    | Found an opulent altar of Gozag.
 77651 | Zot:2    | Found a transporter.
 77699 | Zot:2    | Killed from afar by a yellow draconian annihilator

Illustrated notes

Levels and vault maps discovered:
D:1:      dpeg_arrival_simpleton_c, layout_rooms,
          hellmonk_ecumenical_altar_lost_god
D:2:      layout_rooms, kennysheep_generic_room_9
D:3:      layout_basic, mainiacjoe_overflow_six_doors_small, elyvilon_altar_1,
          serial_bayou, serial_bayou_ford_a, serial_bayou_lagoon_b,
          serial_bayou_pond_c, serial_bayou_pond_c
D:4:      layout_basic, minmay_temple_entry_purple_smoke, uniq_eustachio,
          uniq_sigmund, uniq_crazy_yiuf_cottage
D:5:      layout_gridville
D:6:      layout_basic, mainiacjoe_overflow_tiny_flanked, serial_corexii_hall,
          corexii_hall_statues_x, chequers_hall_statues_wall_a,
          mumra_transporter_accident, uniq_pikel
D:7:      layout_basic
D:8:      nzn_winding_woodlands_stair_cross [nzn_winding_woodlands_5x15_zeroes,
          nzn_winding_woodlands_center_lodge,
          nzn_winding_woodlands_5x15_sidewinder,
          nzn_winding_woodlands_5x5_closed_star,
          nzn_winding_woodlands_5x5_perimeter, nzn_winding_woodlands_5x15_eye,
          nzn_winding_woodlands_center_pierced_h,
          nzn_winding_woodlands_5x15_garden], layout_cave_pods,
          grunt_lair_entry_orc_guard_hut, minmay_increasing_density, uniq_erica
D:9:      layout_cave_pools, nicolae_wu_jian_glorious_leap, special_room
          [special_room_orc], st_stairs_14, nicolae_diode_basic,
          uniq_prince_ribbit1
D:10:     wander_kiku_kobolds, layout_cave_pools, uniq_erolcha
D:11:     minmay_the_grid_four_pointed_star_mashed
          [minmay_the_grid_triangle_9x9_negative_grid,
          minmay_the_grid_triangle_9x9_warning,
          minmay_the_grid_triangle_9x9_empty,
          minmay_the_grid_triangle_9x9_from_above,
          minmay_the_grid_prize_inner_circle], layout_loops_ring, david_orc_5,
          moated_statue, nicolae_tso_carved_into_rock
D:12:     layout_basic, skrybe_limestone_x, due_unseen_surprise
D:13:     layout_cave_pools, the_hattery, uniq_nessos
D:14:     layout_basic, david_vaults_2, nemelex_lonely_heart_becter
D:15:     gammafunk_enter_depths_forms, layout_irregular_city, serial_shops,
          shop
Temple:   nicolae_temple_two_arcs
Lair:1:   layout_loops_ring, grunt_forest_stairs_basic, grunt_megastairs_1
Lair:2:   beargit_carnivore_pack, layout_gridlike
Lair:3:   mu_elephants_graveyard, layout_concentric_octagons,
          elwin_shoals_entry_stream, alex1729_snake_entry_snake,
          serial_bayou_crossing
Lair:4:   layout_regular_city, dpeg_slime_entry_corner
Lair:5:   cheibrodos_lair_end_hotspot, layout_layer_cave,
          ebering_ghost_inner_flame, minmay_stone_trees_medium,
          grunt_forest_small_clearings, uniq_josephine, uniq_kirke
Shoals:1: layout_shoals
Shoals:2: layout_shoals, serial_shops, shop,
          nicolae_shoals_stone_sculpture_thing, nicolae_shoals_water_booths,
          uniq_ilsuiw
Shoals:3: layout_shoals, serial_shops, nicolae_shop_rolled_up, uniq_nikola
Shoals:4: shoals_end_hellmonk_storm_palace [storm_palace_center_ruins,
          storm_palace_corner_narrow, storm_palace_corner_blocked,
          storm_palace_corner_narrow, storm_palace_corner_altar], serial_shops
Snake:1:  layout_gridlike, serial_bayou_shore_b, grunt_megastairs_2,
          serial_bayou_shore_b, minmay_shoptagon
Snake:2:  layout_gridlike, st_stairs_10, nicolae_fountain_basement, uniq_vashnia
Snake:3:  layout_rooms, serial_shops, nicolae_shop_drivethru,
          grunt_ministairs_14, nicolae_elevator_lobby_asterisk,
          minmay_shop_grove
Snake:4:  snake_pit, layout_cave_town, portal_ice_cave_entry_ice_simulacra,
          nicolae_snake_dead_anacondas, uniq_agnes
Slime:1:  layout_caves
Slime:2:  layout_caves, nicolae_slime_welcoming_committee
Slime:3:  layout_caves, cheibrodos_slime_lost_civilization_7
Slime:4:  layout_caves
Slime:5:  slime_pit_nicolae_amoeboid
Orc:1:    layout_caves, uniq_maurice, uniq_harold
Orc:2:    st_orc_elflike, layout_diamond_mine, serial_shops, shop
Elf:1:    eino_elf_arrival_the_gate, layout_loops_cross,
          minmay_elf_annihilation, dreamdust_mushroom_princess, drop_trap
Elf:2:    elven_hall_of_blades_hangedman_original [grunt_blade_entry_basic],
          layout_loops_corners, minmay_strange_pillars, dreamdust_wishing_well,
          drop_trap
Elf:3:    elf_hall, layout_geoelf_grid, serial_shops,
          nicolae_shop_back_alley_shop
Vaults:1: gammafunk_ghost_mausoleum, nicolae_vaults_puzzle_piece,
          v_alt_pattern_1, nicolae_vaults_border_crossing,
          nicolae_vaults_trapezoid_lopsided_3, v_misc_12,
          ontoclasm_vaults_decontamination,
          nicolae_vaults_offset_grid_hallway_1, nicolae_vaults_shelves_hall,
          grunt_vaults_focal, v_misc_8, nicolae_vaults_murder_corner,
          ontoclasm_vaults_idyll, nicolae_vaults_specimen_jars,
          layout_vaults_ring, serial_shops, shop
Vaults:2: nicolae_vaults_more_shelving_1, vaults_standard_mumra_lines,
          v_misc_24, ontoclasm_vaults_tryst, nicolae_vaults_trapezoid_1,
          ontoclasm_vaults_hangar, vaults_room_door_hall, ontoclasm_vaults_eye,
          ontoclasm_vaults_shuriken, nicolae_vaults_offset_grid_hallway_3,
          grunt_vaults_swirl, nicolae_vaults_little_squares_6,
          grunt_vaults_twisty, layout_vaults_maze_bifur, uniq_sojobo,
          uniq_saint_roka
Vaults:3: nicolae_vaults_swerve, minmay_crypt_entry_necro_gods,
          nicolae_vaults_little_squares_3, ontoclasm_vaults_loading_screen,
          vaults_dpeg_cross, grunt_vaults_funnel, vaults_room_fours,
          vaults_room_fours, grunt_vaults_hallway_long, vaults_room_pool,
          nicolae_vaults_rhombus_7, layout_vaults_omnibox, serial_shops,
          nicolae_shop_industrial_runoff
Vaults:4: vaults_dpeg_encased_lava, v_misc_15, vaults_mumra_lcd,
          nicolae_vaults_alarming, nicolae_vaults_octothorpe,
          vaults_dpeg_diagonal, layout_vaults_quadrants, serial_shops,
          nicolae_shop_window_shopping
Vaults:5: serial_shops, uniq_boris
Depths:1: minmay_blocking_statues, layout_cave_shapes, hell_entry,
          kennysheep_potato, serial_bayou_shore_a, firewood_loft
Depths:2: cheibrodos_cascadia, layout_cave_shapes, enter_ziggurat_f, hell_entry,
          rand_demon_pan_entry_1, infiniplex_staircase_pool_2
Depths:3: hangedman_elemental_death_ray, layout_basic, abyss_entry_flame_altar,
          hell_entry, minmay_misc_feat_columns, infiniplex_staircase_star
Depths:4: grunt_crosshair, layout_basic, pan_entry, serial_shops,
          nicolae_shop_pleasant_corner_grove, pf_coc_iceberg
Zot:1:    lemuel_firehouse, layout_onion_interference,
          regret_index_zotdec_decaying_basic
Zot:2:    gammafunk_its_a_trap, layout_onion, regret_index_zotdec_icy_dp,
          grunt_ministairs_7

Skill      XL: |  1  2  3  4  5  6  7  8  9 10 11 12 13 14 15 16 17 18 19 20 21 22 23 24 25 26 27 |
---------------+----------------------------------------------------------------------------------+-----
Dodging        | 2 4 5 6 11 12 | 12.0
Hexes          | 4 5 6 7 10 11 12 | 12.0
Stealth        | 2 4 5 6 |  6.0
Fighting       | 2 3 6 8 9 10 12 15 16 18 19 20 | 20.0
Ranged Weapons | 3 4 5 6 8 10 11 13 15 16 18 20 21 23 | 23.3
Evocations     | 3 7 8 9 10 11 12 13 15 | 15.0
Shields        | 4 5 6 7 15 19 23 25 | 25.0
Armour         | 2 4 5 6 8 9 |  9.0
Spellcasting   | 2 3 |  3.0
Long Blades    | 2 7 10 | 10.0
Invocations    | 3 11 12 15 17 22 | 22.0
Translocations | 5 6 8 |  8.0
Ice Magic      | 2 6 |  6.0
Fire Magic     | |  1.0

Action                     |  1- 3 |  4- 6 |  7- 9 | 10-12 | 13-15 | 16-18 | 19-21 | 22-24 | 25-27 || total
---------------------------+-------+-------+-------+-------+-------+-------+-------+-------+-------++-------
  Melee: Dagger            |     2 |    43 |    66 |   156 |       |       |       |       |       ||   267
         Punch             |       |     1 |       |       |       |       |       |       |       ||     1
         Scimitar          |       |       |    10 |    79 |   448 |     9 |       |       |       ||   546
         Arbalest          |       |       |       |     2 |     5 |       |       |       |       ||     7
   Fire: Sling             |    92 |   124 |   175 |   387 |       |       |       |       |       ||   778
         Arbalest          |       |       |       |   275 |   277 |       |       |       |       ||   552
         Longbow           |       |       |       |       |   611 |  1251 |  1252 |  1352 |  1527 ||  5993
  Throw: Dart              |       |     3 |       |    60 |    31 |       |       |       |       ||    94
         Javelin           |       |       |       |     2 |       |       |       |       |       ||     2
   Cast: Jinxbite          |     1 |    10 |    12 |     6 |     1 |       |       |       |       ||    30
         Sigil of Binding  |       |     1 |     5 |     4 |       |       |       |       |     2 ||    12
         Slow              |       |       |       |    37 |    32 |       |       |       |       ||    69
         Confusing Touch   |       |       |       |     2 |    11 |       |       |       |       ||    13
         Cause Fear        |       |       |       |       |    69 |     3 |       |       |    27 ||    99
         Dimensional Bulls |       |       |       |       |       |     5 |    17 |     9 |    10 ||    41
 Invoke: Foxfire Swarm     |     1 |       |       |     4 |     2 |       |       |       |       ||     7
         Fiery Armour      |     1 |       |       |     1 |       |       |       |       |       ||     2
         Recite            |       |       |       |       |     3 |       |     3 |       |     9 ||    15
         Donate Gold       |       |       |       |       |     1 |       |       |       |       ||     1
         Rising Flame      |       |       |       |       |     1 |       |       |       |       ||     1
         Vitalisation      |       |       |       |       |     1 |       |     2 |       |     3 ||     6
         Sanctuary         |       |       |       |       |       |     1 |       |       |     2 ||     3
         Imprison          |       |       |       |       |       |       |       |       |     1 ||     1
Ability: Shaft Self        |       |       |       |       |     1 |       |       |       |       ||     1
         Dig               |       |       |       |       |     2 |     1 |       |     1 |       ||     4
  Evoke: Wand              |       |     2 |    14 |    34 |    11 |     4 |     1 |     3 |     3 ||    72
         Lightning rod     |       |       |       |       |    17 |    15 |     4 |     4 |     2 ||    42
         Tin of tremorston |       |       |       |       |       |       |     2 |     1 |     5 ||     8
         Phial of floods   |       |       |       |       |       |       |       |     1 |       ||     1
         Phantom mirror    |       |       |       |       |       |       |       |       |     1 ||     1
    Use: Scroll            |     5 |     2 |     3 |     7 |     8 |    15 |     5 |     5 |    19 ||    69
         Potion            |       |       |       |     2 |       |     5 |     2 |     1 |     8 ||    18
   Stab: Confused          |       |       |     1 |       |    13 |       |       |       |       ||    14
         Betrayed ally     |       |       |     1 |       |       |       |       |       |       ||     1
         Sleeping          |       |       |       |     4 |     3 |       |       |       |       ||     7
 Armour: Robe              |    24 |     2 |       |       |   262 |       |       |       |       ||   288
         Leather armour    |       |    46 |    53 |   261 |    35 |   142 |   139 |   164 |   249 ||  1089
  Dodge: Dodged            |    27 |    52 |    59 |   519 |   505 |   282 |   106 |   201 |   256 ||  2007
  Block: Buckler           |       |       |    28 |   187 |   332 |   155 |       |       |       ||   702
         Reflection        |       |       |       |       |       |    82 |   110 |    43 |    57 ||   292
         Kite shield       |       |       |       |       |       |   418 |   330 |   490 |   640 ||  1878
         Tower shield      |       |       |       |       |       |       |       |       |   177 ||   177

Table legend: (Time is in decaauts)
 A = Elapsed time spent in this place.
 B = Non-inter-level travel time spent in this place.
 C = Inter-level travel time spent in this place.
 D = Time resting spent in this place.
 E = Time spent auto-exploring this place.
 F = Levels seen in this place.
 G = Mean time per level.
                   A        B        C        D        E       F      G
               +--------+--------+--------+--------+--------+-----+--------+
         Total |  77716 |  69395 |   8321 |  12638 |  34270 |  51 | 1523.8 |
       Dungeon |  22655 |  19713 |   2942 |   4641 |   5869 |  15 | 1510.3 |
        Temple |     21 |     13 |      8 |      0 |      0 |   1 |   21.0 |
          Lair |  14236 |  12749 |   1487 |   2655 |   6062 |   5 | 2847.2 |
        Shoals |   4521 |   3852 |    669 |    116 |   2720 |   4 | 1130.2 |
     Snake Pit |   5808 |   5345 |    463 |    541 |   3355 |   4 | 1452.0 |
    Slime Pits |   4625 |   4202 |    423 |   1250 |   1753 |   5 |  925.0 |
  Orcish Mines |   2940 |   2469 |    471 |    504 |   1068 |   2 | 1470.0 |
   Elven Halls |   5490 |   5110 |    380 |    557 |   3498 |   3 | 1830.0 |
        Vaults |   8820 |   7924 |    896 |   1312 |   5055 |   5 | 1764.0 |
        Depths |   5850 |   5278 |    572 |    725 |   3335 |   4 | 1462.5 |
           Zot |   1768 |   1763 |      5 |    178 |   1117 |   2 |  884.0 |
      Ice Cave |    977 |    977 |      0 |    157 |    436 |   1 |  977.0 |
               +--------+--------+--------+--------+--------+-----+--------+

Top non-repeatable levels by time:
     D:8: 4326 daAuts
  Lair:2: 3724 daAuts
  Lair:3: 3185 daAuts
  Lair:1: 2820 daAuts
Vaults:4: 2648 daAuts
  Lair:5: 2519 daAuts
   Elf:2: 2456 daAuts
     D:7: 2448 daAuts
    D:11: 2443 daAuts
 Snake:4: 2230 daAuts
  Lair:4: 1985 daAuts
   Orc:2: 1984 daAuts
   Elf:3: 1902 daAuts
Depths:4: 1858 daAuts
Shoals:4: 1842 daAuts
